[ AOE2 MATCH · #494184374 ]
UnrankedItalians vs Magyars
Player's team · WIN
Rival team · LOSS
[ REPLAY ANALYSIS · EXTRACTED FROM THE RECORDED GAME ]
Feudal
11:21
Castle
15:21
Imperial
30:16
| APM avg | 54.3 |
| APM peak | 115 |
| eAPM avg | 25.6 |
| Villagers / military | 109 / 103 |
Focus
⚔️ 40.3% · 🌾 59.7%
Genoese Crossbowman ×86 · Bombard Cannon ×8 · Petard ×3 · Mangonel ×2 · Battering Ram ×2 · Monk ×1
Feudal
8:35
Castle
23:43
Imperial
—
| APM avg | 97.1 |
| APM peak | 157 |
| eAPM avg | 27.9 |
| Villagers / military | 97 / 130 |
Focus
⚔️ 33.2% · 🌾 66.8%
Cavalry Archer ×97 · Battering Ram ×14 · Magyar Huszar ×9 · Scout Cavalry ×9 · Mangonel ×1
Match map
Initial resources + every placement click. Lines = walls · curves = elevation contours. ◆ gold · ⬟ stone · ● berries · ✦ relic · ◌ wall gap
Your base· ✓ Closed at 15:21 · 21t walls · 3 gate(s)
KARA___'s base· ✓ Closed at 23:43 · 4t walls · 3 gate(s)
Smoothed initial terrain · ◌ = detected wall gap · hover for details
Inputs per minute
— Kaydos - - KARA___
Build order — Kaydos
First 150 of 328 actions detected
| 0:01 | Create | Villager (Male) |
| 0:01 | Create | Villager (Male) |
| 0:02 | Build | House |
| 0:03 | Build | House |
| 0:23 | Create | Villager (Male) |
| 0:23 | Create | Villager (Male) |
| 1:29 | Create | Villager (Male) |
| 1:53 | Build | Lumber Camp |
| 1:56 | Create | Villager (Male) |
| 1:56 | Create | Villager (Male) |
| 2:29 | Create | Villager (Male) |
| 2:41 | Create | Villager (Male) |
| 3:17 | Create | Villager (Male) |
| 3:24 | Build | House |
| 3:40 | Create | Villager (Male) |
| 4:01 | Create | Villager (Male) |
| 4:04 | Build | House |
| 4:19 | Build | Mill |
| 4:25 | Create | Villager (Male) |
| 4:50 | Create | Villager (Male) |
| 5:02 | Create | Villager (Male) |
| 5:50 | Create | Villager (Male) |
| 6:12 | Build | House |
| 6:15 | Create | Villager (Male) |
| 6:33 | Create | Villager (Male) |
| 7:00 | Create | Villager (Male) |
| 7:13 | Build | Farm |
| 7:15 | Build | Farm |
| 7:18 | Build | Farm |
| 7:23 | Create | Villager (Male) |
| 7:43 | Build | House |
| 7:45 | Create | Villager (Male) |
| 7:58 | Build | Farm |
| 8:09 | Create | Villager (Male) |
| 8:26 | Build | Farm |
| 8:32 | Create | Villager (Male) |
| 8:42 | Research | Loom |
| 8:43 | Research | Feudal Age |
| 9:19 | Build | Mining Camp |
| 9:23 | Build | Mining Camp |
| 9:49 | Build | Palisade Wall |
| 9:50 | Build | Palisade Wall |
| 9:56 | Build | Palisade Wall |
| 9:59 | Build | Palisade Wall |
| 10:02 | Build | Palisade Wall |
| 10:02 | Build | Palisade Wall |
| 10:03 | Build | Palisade Wall |
| 10:04 | Build | Palisade Wall |
| 10:14 | Build | Palisade Wall |
| 10:15 | Build | Palisade Wall |
| 10:16 | Build | Palisade Wall |
| 10:22 | Build | Palisade Wall |
| 10:29 | Build | Palisade Wall |
| 10:31 | Build | Palisade Wall |
| 10:34 | Build | Palisade Wall |
| 10:36 | Build | House |
| 10:55 | Build | Palisade Wall |
| 11:01 | Build | Palisade Wall |
| 11:03 | Build | Palisade Wall |
| 11:09 | Build | Palisade Wall |
| 11:18 | Create | Villager (Male) |
| 11:18 | Create | Villager (Male) |
| 11:21 | Age | Feudal Age |
| 11:31 | Build | Market |
| 11:55 | Build | Blacksmith |
| 12:09 | Build | Palisade Wall |
| 12:16 | Create | Villager (Male) |
| 12:25 | Build | House |
| 12:40 | Research | Castle Age |
| 12:56 | Build | Lumber Camp |
| 13:27 | Build | Mining Camp |
| 14:19 | Create | Villager (Male) |
| 14:27 | Create | Villager (Male) |
| 14:53 | Research | Fletching |
| 15:18 | Research | Double-Bit Axe |
| 15:21 | Age | Castle Age |
| 15:29 | Build | Castle |
| 15:47 | Create | Villager (Male) |
| 15:51 | Build | Siege Workshop |
| 16:11 | Build | Palisade Wall |
| 16:12 | Build | House |
| 16:19 | Build | House |
| 16:21 | Build | House |
| 16:25 | Build | House |
| 16:37 | Create | Genoese Crossbowman |
| 16:45 | Create | Villager (Male) |
| 16:48 | Create | Battering Ram |
| 17:07 | Create | Villager (Male) |
| 17:23 | Create | Genoese Crossbowman |
| 17:32 | Build | Farm |
| 17:37 | Create | Villager (Male) |
| 17:51 | Build | Lumber Camp |
| 18:04 | Create | Villager (Male) |
| 18:15 | Create | Villager (Male) |
| 18:24 | Build | Stone Wall |
| 18:39 | Create | Genoese Crossbowman |
| 18:57 | Build | Farm |
| 19:00 | Create | Genoese Crossbowman |
| 19:01 | Create | Villager (Male) |
| 19:06 | Build | Farm |
| 19:08 | Build | Farm |
| 19:24 | Create | Villager (Male) |
| 19:24 | Create | Genoese Crossbowman |
| 19:44 | Create | Genoese Crossbowman |
| 19:51 | Build | Farm |
| 19:57 | Build | Farm |
| 20:02 | Create | Villager (Male) |
| 20:20 | Create | Petard |
| 20:39 | Create | Petard |
| 20:40 | Create | Villager (Male) |
| 21:11 | Create | Villager (Male) |
| 21:13 | Create | Genoese Crossbowman |
| 21:27 | Build | House |
| 21:34 | Create | Villager (Male) |
| 22:07 | Research | Bodkin Arrow |
| 22:43 | Build | Castle |
| 22:46 | Create | Villager (Male) |
| 22:47 | Create | Genoese Crossbowman |
| 23:08 | Create | Villager (Male) |
| 23:22 | Build | Monastery |
| 23:42 | Create | Villager (Male) |
| 24:02 | Create | Villager (Male) |
| 24:04 | Create | Battering Ram |
| 24:18 | Build | Mill |
| 24:43 | Create | Villager (Male) |
| 24:43 | Create | Villager (Male) |
| 25:14 | Create | Villager (Male) |
| 25:29 | Create | Monk |
| 25:31 | Build | Mining Camp |
| 25:43 | Build | Farm |
| 25:43 | Build | Farm |
| 26:06 | Create | Villager (Male) |
| 26:08 | Build | Farm |
| 26:32 | Create | Villager (Male) |
| 27:06 | Research | Imperial Age |
| 27:19 | Build | Town Center |
| 27:52 | Create | Genoese Crossbowman |
| 28:19 | Research | Wheelbarrow |
| 28:28 | Create | Genoese Crossbowman |
| 28:28 | Create | Genoese Crossbowman |
| 28:34 | Research | Bow Saw |
| 28:41 | Build | University |
| 28:51 | Create | Villager (Male) |
| 28:52 | Create | Villager (Male) |
| 29:17 | Create | Villager (Male) |
| 29:21 | Research | Horse Collar |
| 29:32 | Create | Genoese Crossbowman |
| 29:32 | Create | Villager (Male) |
| 29:33 | Create | Villager (Male) |
| 29:37 | Create | Genoese Crossbowman |
Build order — KARA___
First 150 of 406 actions detected
| 0:00 | Create | Villager (Male) |
| 0:01 | Create | Villager (Male) |
| 0:01 | Create | Villager (Male) |
| 0:02 | Build | House |
| 0:03 | Build | House |
| 0:14 | Create | Villager (Male) |
| 1:25 | Create | Villager (Male) |
| 1:25 | Create | Villager (Male) |
| 1:25 | Create | Villager (Male) |
| 1:59 | Create | Villager (Male) |
| 1:59 | Create | Villager (Male) |
| 2:00 | Create | Villager (Male) |
| 2:14 | Build | Lumber Camp |
| 2:19 | Create | Villager (Male) |
| 2:20 | Create | Villager (Male) |
| 2:37 | Create | Villager (Male) |
| 3:19 | Create | Villager (Male) |
| 3:30 | Create | Villager (Male) |
| 3:46 | Create | Villager (Male) |
| 3:49 | Build | House |
| 4:27 | Create | Villager (Male) |
| 4:28 | Create | Villager (Male) |
| 4:47 | Create | Villager (Male) |
| 4:56 | Create | Villager (Male) |
| 5:08 | Create | Villager (Male) |
| 5:18 | Build | Mining Camp |
| 6:25 | Research | Feudal Age |
| 6:25 | Research | Feudal Age |
| 6:25 | Research | Feudal Age |
| 6:39 | Build | House |
| 7:36 | Research | Loom |
| 7:36 | Create | Villager (Male) |
| 8:35 | Age | Feudal Age |
| 8:36 | Build | Watch Tower |
| 8:38 | Research | Double-Bit Axe |
| 8:38 | Research | Double-Bit Axe |
| 8:39 | Build | Blacksmith |
| 8:58 | Create | Villager (Male) |
| 9:23 | Research | Fletching |
| 9:23 | Research | Fletching |
| 9:40 | Create | Villager (Male) |
| 9:55 | Create | Villager (Male) |
| 10:00 | Build | Mill |
| 10:21 | Create | Villager (Male) |
| 10:22 | Build | House |
| 10:37 | Build | Watch Tower |
| 10:45 | Create | Villager (Male) |
| 11:11 | Create | Villager (Male) |
| 11:32 | Build | Barracks |
| 11:37 | Create | Villager (Male) |
| 11:58 | Create | Villager (Male) |
| 12:16 | Build | Watch Tower |
| 12:22 | Build | House |
| 12:36 | Create | Villager (Male) |
| 12:43 | Build | House |
| 12:55 | Create | Villager (Male) |
| 13:01 | Build | House |
| 13:21 | Build | Stable |
| 13:32 | Create | Villager (Male) |
| 13:33 | Create | Villager (Male) |
| 13:59 | Create | Villager (Male) |
| 14:05 | Build | Watch Tower |
| 14:08 | Create | Scout Cavalry |
| 14:09 | Create | Villager (Male) |
| 14:11 | Build | Farm |
| 14:12 | Build | Farm |
| 14:14 | Build | Farm |
| 14:28 | Build | Stone Wall |
| 14:31 | Build | Stone Wall |
| 14:34 | Build | Stone Wall |
| 14:38 | Build | Stone Wall |
| 14:42 | Build | Farm |
| 14:44 | Create | Scout Cavalry |
| 14:51 | Build | House |
| 15:04 | Create | Scout Cavalry |
| 15:16 | Create | Villager (Male) |
| 15:17 | Build | Farm |
| 15:17 | Build | Farm |
| 15:20 | Create | Villager (Male) |
| 15:41 | Create | Villager (Male) |
| 15:58 | Create | Villager (Male) |
| 16:03 | Create | Scout Cavalry |
| 16:11 | Build | Farm |
| 16:12 | Build | Farm |
| 16:13 | Build | Farm |
| 16:33 | Create | Villager (Male) |
| 16:36 | Build | Farm |
| 16:40 | Build | House |
| 16:58 | Build | Farm |
| 16:58 | Build | Farm |
| 16:59 | Create | Villager (Male) |
| 17:11 | Build | House |
| 17:36 | Create | Scout Cavalry |
| 17:40 | Build | Lumber Camp |
| 17:40 | Create | Villager (Male) |
| 18:04 | Create | Villager (Male) |
| 18:10 | Build | Market |
| 18:25 | Research | Wheelbarrow |
| 18:32 | Build | Mining Camp |
| 18:43 | Create | Scout Cavalry |
| 18:54 | Research | Scale Barding Armor |
| 18:54 | Create | Villager (Male) |
| 18:57 | Build | Farm |
| 18:59 | Build | Farm |
| 19:11 | Build | Farm |
| 19:14 | Build | Farm |
| 19:21 | Build | House |
| 19:53 | Build | Archery Range |
| 20:11 | Create | Villager (Male) |
| 20:14 | Build | Archery Range |
| 20:38 | Create | Villager (Male) |
| 20:44 | Build | Farm |
| 21:03 | Research | Castle Age |
| 21:03 | Research | Castle Age |
| 21:04 | Research | Castle Age |
| 21:08 | Build | Lumber Camp |
| 21:45 | Research | Padded Archer Armor |
| 21:45 | Research | Padded Archer Armor |
| 22:32 | Build | House |
| 22:33 | Build | House |
| 22:56 | Research | Gold Mining |
| 22:57 | Research | Gold Mining |
| 23:21 | Build | Archery Range |
| 23:28 | Create | Villager (Male) |
| 23:43 | Age | Castle Age |
| 23:44 | Create | Cavalry Archer |
| 23:44 | Create | Cavalry Archer |
| 23:46 | Build | Town Center |
| 23:51 | Build | Siege Workshop |
| 23:55 | Research | Bodkin Arrow |
| 23:55 | Research | Bodkin Arrow |
| 23:56 | Create | Cavalry Archer |
| 23:56 | Create | Cavalry Archer |
| 23:57 | Create | Cavalry Archer |
| 24:13 | Build | Archery Range |
| 24:14 | Create | Cavalry Archer |
| 24:14 | Create | Cavalry Archer |
| 24:18 | Research | Bow Saw |
| 24:18 | Research | Bow Saw |
| 24:18 | Research | Bow Saw |
| 24:20 | Create | Villager (Male) |
| 24:30 | Build | House |
| 24:40 | Create | Mangonel |
| 25:09 | Create | Cavalry Archer |
| 25:14 | Create | Villager (Male) |
| 25:21 | Research | Leather Archer Armor |
| 25:21 | Research | Leather Archer Armor |
| 25:22 | Create | Villager (Male) |
| 25:36 | Create | Cavalry Archer |
| 25:36 | Create | Cavalry Archer |
Match timeline
| 8:35 | KARA___ · age_up feudal |
| 9:49 | Kaydos · wall_segment Palisade Wall x1 |
| 9:50 | Kaydos · wall_segment Palisade Wall x1 |
| 9:56 | Kaydos · wall_segment Palisade Wall x1 |
| 9:59 | Kaydos · wall_segment Palisade Wall x1 |
| 10:02 | Kaydos · wall_segment Palisade Wall x1 |
| 10:02 | Kaydos · wall_segment Palisade Wall x1 |
| 10:03 | Kaydos · wall_segment Palisade Wall x1 |
| 10:04 | Kaydos · wall_segment Palisade Wall x1 |
| 10:14 | Kaydos · wall_segment Palisade Wall x1 |
| 10:15 | Kaydos · wall_segment Palisade Wall x1 |
| 10:16 | Kaydos · wall_segment Palisade Wall x1 |
| 10:22 | Kaydos · wall_segment Palisade Wall x1 |
| 10:29 | Kaydos · wall_segment Palisade Wall x1 |
| 10:31 | Kaydos · wall_segment Palisade Wall x1 |
| 10:34 | Kaydos · wall_segment Palisade Wall x1 |
| 10:55 | Kaydos · wall_segment Palisade Wall x2 |
| 11:01 | Kaydos · wall_segment Palisade Wall x1 |
| 11:03 | Kaydos · wall_segment Palisade Wall x1 |
| 11:09 | Kaydos · wall_segment Palisade Wall x1 |
| 11:21 | Kaydos · age_up feudal |
| 11:32 | KARA___ · first_building Barracks |
| 12:09 | Kaydos · wall_segment Palisade Wall x1 |
| 12:15 | Kaydos · first_market_sell 100 food |
| 13:21 | KARA___ · first_building Stable |
| 14:28 | KARA___ · wall_segment Stone Wall x1 |
| 14:31 | KARA___ · wall_segment Stone Wall x1 |
| 14:34 | KARA___ · wall_segment Stone Wall x1 |
| 14:38 | KARA___ · wall_segment Stone Wall x1 |
| 15:21 | Kaydos · age_up castle |
| 15:29 | Kaydos · first_building Castle |
| 15:51 | Kaydos · first_building Siege Workshop |
| 16:11 | Kaydos · wall_segment Palisade Wall x1 |
| 18:24 | Kaydos · wall_segment Stone Wall x1 |
| 19:53 | KARA___ · first_building Archery Range |
| 20:45 | KARA___ · first_market_sell 500 stone |
| 20:47 | KARA___ · first_market_buy 100 food |
| 22:04 | Kaydos · first_market_buy 100 food |
| 23:22 | Kaydos · first_building Monastery |
| 23:43 | KARA___ · age_up castle |
| 23:51 | KARA___ · first_building Siege Workshop |
| 30:16 | Kaydos · age_up imperial |
| 31:25 | KARA___ · first_building Castle |
| 42:34 | KARA___ · resign |
[ AI ANALYSIS · 1 CREDIT ]
What really happened in this match?
Wolo.gg analyzes every decision: build order, eco, micro, common mistakes by bracket. Personalized analysis on WhatsApp or Discord in 30 seconds.
Civ guide
Italians
Perfil
Kaydos